[Event "ICC tourney 3117 (40 10)"]
[Site "Internet Chess Club"]
[Date "2023.02.04"]
[Round "4"]
[White "ZHANG, ARI:brass60Six"]
[Black "JARGALSAIKHAN, OCHIR:O-Chess"]
[Result "0-1"]
[ICCResult "White resigns"]
[WhiteElo "1417"]
[BlackElo "1411"]
[Opening "QGD semi-Slav: 5...Nd7"]
[ECO "D45"]
[NIC "SL.08"]
[Time "17:45:23"]
[PlyCount "114"]
[TimeControl "2400+10"]

1. d4 d5 2. c4 c6 3. Nc3 Nf6 4. e3 e6 5. Nf3 Nbd7 6. Be2 Be7 7. h3 O-O 8.
O-O b6 9. b3 Bb7 10. Bb2 Rc8 11. Bd3 c5 12. dxc5 Nxc5 13. Be2 dxc4 14. bxc4
a6 15. Re1 Qc7 16. Nd4 Rfd8 17. Qc2 Nfe4 18. Rab1 Bf6 19. Nb3 Nxc3 20. Bxc3
Be4 21. Qc1 Bxc3 22. Qxc3 Bxb1 23. Rxb1 Rd7 24. Re1 Rcd8 25. Nxc5 Qxc5 26.
Qb3 Rd2 27. Bf3 Qa5 28. Rb1 R8d6 29. a3 R2d3 30. Qb2 Rxa3 31. Rc1 Ra2 32.
Qb3 Qd2 33. Rf1 g6 34. Qb1 Qc2 35. Qb4 Rd2 36. Qxb6 Qxc4 37. Qb8+ Kg7 38.
Qe5+ f6 39. Qb8 Rd7 40. Qb1 Rad2 41. Qa1 Ra7 42. Rc1 Qb5 43. Rb1 Qc5 44. Rc1
Rc2 45. Rd1 a5 46. Be4 Rc3 47. Bf3 a4 48. Qb2 a3 49. Qa1 Rc7 50. Kf1 Rc1 51.
Qa2 Rxd1+ 52. Bxd1 Qc4+ 53. Qxc4 Rxc4 54. Bb3 Rc1+ 55. Ke2 a2 56. Bxa2 Rc2+
57. Kf3 Rxa2 {White resigns} 0-1

[Event "ICC tourney 3117 (40 10)"]
[Site "Internet Chess Club"]
[Date "2023.02.04"]
[Round "4"]
[White "Mehta, Aarav Amit:amitmehta22"]
[Black "S.M, UMER:uncrackable"]
[Result "0-1"]
[ICCResult "White resigns"]
[WhiteElo "1425"]
[BlackElo "1807"]
[Opening "Sicilian: closed"]
[ECO "B23"]
[NIC "SI.44"]
[Time "17:45:12"]
[PlyCount "50"]
[TimeControl "2400+10"]

1. e4 c5 2. Nc3 e6 3. Bc4 Nc6 4. f4 a6 5. a4 d6 6. Nf3 Qc7 7. d3 Nf6 8. O-O
Be7 9. Qe1 Nb4 10. Qf2 d5 11. Ba2 dxe4 12. dxe4 c4 13. Kh1 O-O 14. h3 Bc5
15. Qg3 Nxc2 16. Rb1 b5 17. e5 Nd5 18. f5 Nde3 19. f6 Nf5 20. Qg4 Bb7 21.
Bh6 Nce3 22. Qg5 Nxf1 23. Bxg7 N5g3+ 24. Qxg3 Nxg3+ 25. Kh2 Nf5 {White
resigns} 0-1

[Event "ICC tourney 3117 (40 10)"]
[Site "Internet Chess Club"]
[Date "2023.02.04"]
[Round "4"]
[White "Mason, Mike W:MikeWMason"]
[Black "MANE, ARNAV KISHOR:georgianknight"]
[Result "1-0"]
[ICCResult "Black resigns"]
[WhiteElo "1567"]
[BlackElo "1550"]
[Opening "Sicilian: Smith-Morra gambit"]
[ECO "B21"]
[NIC "SI.47"]
[Time "17:46:13"]
[PlyCount "56"]
[TimeControl "2400+10"]

1. e4 c5 2. d4 cxd4 3. c3 Nf6 4. e5 Nd5 5. Bc4 Nb6 6. Bb3 e6 7. Nf3 dxc3 8.
Nxc3 Bb4 9. O-O O-O 10. Bg5 Be7 11. Bf4 Nc6 12. Qe2 Qc7 13. Ne4 Rd8 14. Rac1
Rf8 15. Rfd1 Qd8 16. Nd6 Bxd6 17. Rxd6 f6 18. Bxe6+ Kh8 19. Bb3 fxe5 20.
Nxe5 Qe7 21. Rdxc6 bxc6 22. Ng6+ hxg6 23. Qxe7 Rxf4 24. Qe8+ Kh7 25. Qg8+
Kh6 26. Qh8+ Kg5 27. Qxg7 d6 28. g3 Rf5 {Black resigns} 1-0

[Event "ICC tourney 3117 (40 10)"]
[Site "Internet Chess Club"]
[Date "2023.02.04"]
[Round "4"]
[White "BRUDNO, STEPHEN:StevChess01"]
[Black "SIMO, AARON L:WhereBklnAt"]
[Result "1/2-1/2"]
[ICCResult "Game drawn by mutual agreement"]
[WhiteElo "1543"]
[BlackElo "1603"]
[Opening "Nimzo-Indian: Sämisch, Botvinnik variation"]
[ECO "E20"]
[NIC "NI.30"]
[Time "17:46:13"]
[PlyCount "125"]
[TimeControl "2400+10"]

1. d4 Nf6 2. c4 e6 3. Nc3 Bb4 4. f3 d5 5. a3 Bxc3+ 6. bxc3 O-O 7. e3 c5 8.
cxd5 Nxd5 9. Bd2 Nd7 10. e4 N5b6 11. Nh3 f5 12. Nf2 fxe4 13. Nxe4 cxd4 14.
cxd4 Nf6 15. Nxf6+ Qxf6 16. Be3 Nd5 17. Bf2 Bd7 18. Bc4 Bc6 19. Bxd5 Bxd5
20. O-O Rac8 21. Rc1 Rxc1 22. Qxc1 Qg6 23. Bg3 Qd3 24. Be5 Bc4 25. Rd1 Qb3
26. Re1 h6 27. Re3 Qa4 28. Rc3 b5 29. Qc2 Qxc2 30. Rxc2 Rf7 31. Rc3 Rd7 32.
Kf2 Kf7 33. Ke3 g5 34. Kf2 a6 35. Kg3 Kg6 36. h4 Rd8 37. hxg5 hxg5 38. Kf2
Rc8 39. Ke3 Rc6 40. Rc1 g4 41. fxg4 Kg5 42. Rc3 Kxg4 43. Rc1 Rc8 44. Rc2 a5
45. Bd6 Rc6 46. Be7 Kg3 47. Bf8 Bd5 48. Rxc6 Bxc6 49. Bc5 Bxg2 50. Kd3 Kf4
51. Kc3 Ke4 52. Bb6 a4 53. Bc5 Kd5 54. Kb4 Bf1 55. Ba7 Ke4 56. Bb6 Bc4 57.
Ba7 Kd3 58. Bb6 Ke4 59. Ba7 Kd5 60. Bb6 Kc6 61. Ba7 Kb7 62. Bc5 Bd3 63. Bd6
{Game drawn by mutual agreement}
1/2-1/2

[Event "ICC tourney 3117 (40 10)"]
[Site "Internet Chess Club"]
[Date "2023.02.04"]
[Round "4"]
[White "LOPEZ, FRANCISCO JAVIER:steinutz"]
[Black "Shrivastava, Ansh:aannsshh"]
[Result "1-0"]
[ICCResult "Black checkmated"]
[WhiteElo "1500"]
[BlackElo "1070"]
[Opening "Queen's pawn"]
[ECO "A40"]
[NIC "QO.17"]
[Time "17:45:13"]
[PlyCount "141"]
[TimeControl "2400+10"]

1. d4 c6 2. c3 d5 3. Bf4 Bf5 4. Nf3 Nf6 5. e3 Nbd7 6. Bd3 Bxd3 7. Qxd3 Qb6
8. Qc2 e6 9. Nbd2 Be7 10. h3 a6 11. O-O O-O 12. Ne5 c5 13. Bg5 Rfe8 14. f4
h6 15. Bxf6 Nxf6 16. Rab1 Rac8 17. Qd3 c4 18. Qc2 Qc7 19. a4 b5 20. axb5
axb5 21. f5 Bd6 22. fxe6 Rxe6 23. Ndf3 Rce8 24. Qf5 Ne4 25. Rfd1 f6 26. Ng4
Kf7 27. Qxd5 Qd7 28. Qh5+ Kg8 29. Qg6 Kh8 30. d5 R6e7 31. Nd4 Ng3 32. Ne6
Rxe6 33. dxe6 Qxe6 34. Rxd6 Qe7 35. Rbd1 h5 36. Rd7 Qf8 37. Nxf6 Qxf6 38.
Qxe8+ Kh7 39. Qe7 Ne2+ 40. Kh2 Qg6 41. Qe5 h4 42. R1d5 Ng3 43. Qg5 Qh6 44.
Qxh6+ Kxh6 45. R7d6+ Kh7 46. Rxb5 Ne4 47. Rd4 Nf6 48. Rxh4+ Kg6 49. Rxc4 Kf7
50. Rf4 Kg6 51. Rxf6+ gxf6 52. g4 f5 53. Rxf5 Kg7 54. c4 Kg6 55. c5 Kg7 56.
c6 Kg6 57. c7 Kg7 58. e4 Kg6 59. e5 Kg7 60. e6 Kg6 61. e7 Kg7 62. b4 Kg6 63.
b5 Kg7 64. b6 Kh7 65. b7 Kg7 66. b8=R Kg6 67. c8=R Kg7 68. e8=R Kg6 69. Rg8+
Kh7 70. Rc7+ Kh6 71. Rb6# {Black checkmated} 1-0

[Event "ICC tourney 3117 (40 10)"]
[Site "Internet Chess Club"]
[Date "2023.02.04"]
[Round "5"]
[White "ZHAO, DANSON:K01-30127679"]
[Black "ZLODOREV, ALEXANDER:sasha-zlodorev"]
[Result "1/2-1/2"]
[ICCResult "Game drawn by mutual agreement"]
[WhiteElo "1431"]
[BlackElo "1607"]
[Opening "Philidor's defense"]
[ECO "C41"]
[NIC "KP.10"]
[Time "20:01:19"]
[PlyCount "117"]
[TimeControl "2400+10"]

1. e4 e5 2. Nf3 d6 3. Bc4 Be7 4. Nc3 Nf6 5. d3 O-O 6. h3 Nc6 7. O-O Na5 8.
Bb3 Nxb3 9. axb3 c5 10. Re1 Bd7 11. Bg5 Bc6 12. Bxf6 Bxf6 13. Rb1 d5 14.
exd5 Bxd5 15. Nxe5 Bxe5 16. Rxe5 Bc6 17. Re1 Qg5 18. Ne4 Qg6 19. Qg4 Qxg4
20. hxg4 b6 21. f3 Rfe8 22. Nd6 Red8 23. Nf5 Kf8 24. Re3 g6 25. Ng3 Rd7 26.
Rbe1 Rad8 27. Ne4 Kg7 28. Kf2 Re7 29. Ng3 Red7 30. Re7 Kf8 31. R7e3 Kg7 32.
Ne2 Kf6 33. Nf4 Bb7 34. g3 Bc6 35. Ng2 Rc7 36. Nf4 Rcd7 37. Ne2 Rc7 38. f4
Rcd7 39. Nc3 h6 40. Ne4+ Kg7 41. g5 hxg5 42. Nxg5 Rh8 43. Nf3 Kf6 44. Ne5
Rc7 45. Nxc6 Rxc6 46. Kf3 Rcc8 47. Rg1 Rh2 48. Re2 Rch8 49. Rxh2 Rxh2 50.
Rg2 Rh1 51. Rd2 Rf1+ 52. Kg2 Re1 53. Kf2 Rh1 54. Kf3 Rf1+ 55. Kg2 Re1 56. c3
Ke6 57. c4 Kf5 58. Kf2 Rh1 59. Kg2 {Game drawn by mutual agreement} 1/2-1/2

[Event "ICC tourney 3117 (40 10)"]
[Site "Internet Chess Club"]
[Date "2023.02.04"]
[Round "5"]
[White "S.M, UMER:uncrackable"]
[Black "ANDRADE, LUIS:Landrade"]
[Result "1-0"]
[ICCResult "Black resigns"]
[WhiteElo "1807"]
[BlackElo "1277"]
[Opening "Queen's bishop game"]
[ECO "D02"]
[NIC "QP.08"]
[Time "20:00:26"]
[PlyCount "79"]
[TimeControl "2400+10"]

1. d4 d5 2. Nf3 Nf6 3. Bf4 c5 4. e3 Nc6 5. Nbd2 Bg4 6. c3 e6 7. Qa4 Bxf3 8.
Nxf3 Bd6 9. Ba6 Qb6 10. Bxb7 Qxb7 11. Bxd6 cxd4 12. cxd4 Ne4 13. Ba3 f6 14.
O-O Kf7 15. Rfc1 Rhc8 16. Rc2 a5 17. Rac1 Nb4 18. Bxb4 axb4 19. Qb3 Rxc2 20.
Rxc2 Rxa2 21. Qxa2 b3 22. Qb1 bxc2 23. Qxc2 Nd6 24. b3 Qa7 25. g3 Ne4 26.
Nd2 Ng5 27. h4 Qa1+ 28. Kg2 Ne4 29. Nxe4 dxe4 30. Qxe4 Qa5 31. Qb7+ Kg6 32.
b4 Qf5 33. b5 e5 34. dxe5 fxe5 35. Qc6+ Kf7 36. Qf3 g6 37. Qxf5+ gxf5 38. b6
Ke7 39. b7 Kd7 40. b8=Q {Black resigns} 1-0

[Event "ICC tourney 3117 (40 10)"]
[Site "Internet Chess Club"]
[Date "2023.02.04"]
[Round "5"]
[White "DUBE, DANIEL:betterone76"]
[Black "Mehta, Aarav Amit:amitmehta22"]
[Result "1-0"]
[ICCResult "Black resigns"]
[WhiteElo "1850"]
[BlackElo "1425"]
[Opening "King's Indian: 5.Nf3"]
[ECO "E90"]
[NIC "KI.20"]
[Time "20:00:25"]
[PlyCount "97"]
[TimeControl "2400+10"]

1. d4 Nf6 2. c4 g6 3. Nc3 Bg7 4. e4 d6 5. Nf3 O-O 6. h3 Nbd7 7. Be3 e5 8. d5
a5 9. Be2 Ne8 10. g4 b6 11. h4 Nc5 12. h5 Bxg4 13. hxg6 fxg6 14. Ng5 Bxe2
15. Qxe2 h6 16. Ne6 Nxe6 17. dxe6 h5 18. Nd5 Bf6 19. Rg1 Kh7 20. O-O-O Ng7
21. Rg2 Nxe6 22. Rdg1 Rg8 23. Rxg6 Rxg6 24. Qxh5+ Kg8 25. Nxf6+ Qxf6 26.
Rxg6+ Qg7 27. Rxg7+ Nxg7 28. Qg6 Rf8 29. Bh6 Rf7 30. Bxg7 Rxg7 31. Qe6+ Kh8
32. Kd2 Rh7 33. Qf6+ Rg7 34. f4 exf4 35. Qf8+ Kh7 36. Qf5+ Kh8 37. Qxf4 Rg2+
38. Kd3 Rg7 39. e5 dxe5 40. Qxe5 Kg8 41. Kd4 c5+ 42. Kd5 a4 43. a3 b5 44.
cxb5 c4 45. Kxc4 Rf7 46. Qe8+ Rf8 47. Qxf8+ Kh7 48. Kc5 Kg6 49. Kc6
{Black resigns}
1-0

[Event "ICC tourney 3117 (40 10)"]
[Site "Internet Chess Club"]
[Date "2023.02.04"]
[Round "5"]
[White "SIMO, AARON L:WhereBklnAt"]
[Black "OPASKA, MICHAEL:mopaska1106"]
[Result "0-1"]
[ICCResult "White resigns"]
[WhiteElo "1603"]
[BlackElo "1841"]
[Opening "Caro-Kann: Tartakower (Nimzovich) variation"]
[ECO "B15"]
[NIC "CK.06"]
[Time "20:00:27"]
[PlyCount "116"]
[TimeControl "2400+10"]

1. e4 c6 2. d4 d5 3. Nd2 dxe4 4. Nxe4 Nf6 5. Nxf6+ exf6 6. Be3 Bd6 7. Nf3
O-O 8. Bd3 Re8 9. c3 Be6 10. Qc2 h5 11. h3 Nd7 12. O-O-O Nf8 13. g4 Bd5 14.
Be2 h4 15. Rhg1 Ng6 16. g5 f5 17. c4 Be4 18. Qc3 b5 19. Nd2 a5 20. Nxe4 fxe4
21. c5 Bc7 22. Bh5 Nf4 23. Qb3 g6 24. Bg4 a4 25. Qc2 Qd5 26. Kb1 Nd3 27.
Rxd3 exd3 28. Qxd3 a3 29. b3 Rad8 30. Qc2 Bh2 31. Rf1 Qg2 32. Qc1 Re7 33.
Rd1 b4 34. Qd2 Bc7 35. Re1 Rde8 36. Qe2 Bf4 37. Bf3 Qxh3 38. Bxc6 Qf5+ 39.
Qc2 Qxc2+ 40. Kxc2 Rc8 41. d5 Bxe3 42. fxe3 Re5 43. e4 Kf8 44. Kd3 Rxg5 45.
Kc4 Rg2 46. Kxb4 Rxa2 47. Bd7 Rb8+ 48. Kc3 Ke7 49. c6 Rh8 50. e5 h3 51. d6+
Kd8 52. b4 h2 53. Kb3 Re2 54. Rh1 Rxe5 55. Kxa3 Rd5 56. b5 Rxd6 57. Kb4 Rxd7
58. cxd7 Kxd7 {White resigns} 0-1

[Event "ICC tourney 3117 (40 10)"]
[Site "Internet Chess Club"]
[Date "2023.02.04"]
[Round "5"]
[White "Shrivastava, Ansh:aannsshh"]
[Black "Richardson, Avanni:ChessOneMillion"]
[Result "0-1"]
[ICCResult "White checkmated"]
[WhiteElo "1070"]
[BlackElo "1706"]
[Opening "French: advance variation"]
[ECO "C02"]
[NIC "FR.03"]
[Time "20:00:53"]
[PlyCount "130"]
[TimeControl "2400+10"]

1. e4 e6 2. d4 d5 3. e5 c5 4. c3 Qb6 5. Qb3 Qxb3 6. axb3 cxd4 7. cxd4 Nc6 8.
Bb5 Bd7 9. Nf3 Nge7 10. O-O Nxe5 11. Bxd7+ Nxd7 12. Bf4 Nc6 13. Nc3 a6 14.
Nb5 Rc8 15. Nd6+ Bxd6 16. Bxd6 Nf6 17. Rac1 Kd7 18. Be5 Nxe5 19. Nxe5+ Ke7
20. f3 Nd7 21. Nd3 Nb6 22. Rc3 Rxc3 23. bxc3 Nd7 24. Re1 Rc8 25. Nf4 Nf6 26.
g4 g5 27. Ne2 Ne8 28. f4 h6 29. f5 Nd6 30. fxe6 fxe6 31. Rc1 Ne4 32. Rc2 Nf6
33. h3 Ne4 34. Kg2 Rf8 35. Ng3 Nxg3 36. Kxg3 Rf1 37. Kg2 Rb1 38. b4 Kd6 39.
Kf3 Rb3 40. Ke3 Rb1 41. Rf2 Rh1 42. Rf3 b6 43. Kd3 a5 44. bxa5 bxa5 45. Kc2
Kc6 46. Kb3 Kb5 47. Re3 a4+ 48. Ka3 Rc1 49. Kb2 Rh1 50. Rxe6 Rxh3 51. Rd6
Kc4 52. Rc6+ Kd3 53. Ka3 Rh4 54. Kxa4 Rxg4 55. Kb4 h5 56. Rd6 h4 57. Rxd5 h3
58. Re5 h2 59. Re1 Rg1 60. d5 Rxe1 61. d6 h1=Q 62. d7 Qd5 63. d8=Q Qxd8 64.
c4 Qb6+ 65. Ka3 Ra1# {White checkmated} 0-1

[Event "ICC tourney 3117 (40 10)"]
[Site "Internet Chess Club"]
[Date "2023.02.04"]
[Round "5"]
[White "YU, AVERY:Averyyu321"]
[Black "Mason, Mike W:MikeWMason"]
[Result "1-0"]
[ICCResult "Black resigns"]
[WhiteElo "1682"]
[BlackElo "1567"]
[Opening "Sicilian"]
[ECO "B56"]
[NIC "SI.03"]
[Time "20:01:19"]
[PlyCount "52"]
[TimeControl "2400+10"]

1. e4 c5 2. Nf3 d6 3. d4 cxd4 4. Nxd4 Nf6 5. Nc3 e5 6. Nb3 Be7 7. f3 O-O 8.
Be3 Be6 9. Qd2 d5 10. exd5 Nxd5 11. Nxd5 Qxd5 12. Qxd5 Bxd5 13. O-O-O Be6
14. g4 Nc6 15. Nc5 Bxa2 16. Nxb7 Rab8 17. Nc5 Rfd8 18. Rxd8+ Rxd8 19. b3 Nd4
20. Bxd4 Rxd4 21. Nd3 Ba3+ 22. Kd2 a5 23. Be2 a4 24. Ra1 Bb4+ 25. Ke3 axb3
26. cxb3 Bc3 {Black resigns} 1-0

[Event "ICC tourney 3117 (40 10)"]
[Site "Internet Chess Club"]
[Date "2023.02.04"]
[Round "5"]
[White "HELMSEN, GAVIN:ghelmsen"]
[Black "HAMLETT, JAMES MORRISON:Hamlett144"]
[Result "1-0"]
[ICCResult "Black resigns"]
[WhiteElo "1549"]
[BlackElo "1200"]
[Opening "French: advance, Euwe variation"]
[ECO "C02"]
[NIC "FR.03"]
[Time "20:00:29"]
[PlyCount "85"]
[TimeControl "2400+10"]

1. e4 e6 2. d4 d5 3. e5 c5 4. c3 Nc6 5. Nf3 Bd7 6. Bd3 Rc8 7. O-O cxd4 8.
Re1 h5 9. Ng5 Be7 10. h4 Nh6 11. Qxh5 g6 12. Bxg6 fxg6 13. Qxg6+ Kf8 14.
Nh7+ Rxh7 15. Qxh7 Nf7 16. Bh6+ Nxh6 17. Qxh6+ Ke8 18. Qg6+ Kf8 19. cxd4 Qb6
20. h5 Nd8 21. Re3 Nf7 22. Rf3 Be8 23. Qh6+ Kg8 24. Rg3+ Bg5 25. Rxg5+ Nxg5
26. Qxg5+ Kh7 27. h6 Bg6 28. Nc3 Rf8 29. Qd2 Qc7 30. Rc1 Qd8 31. Nb5 Rf7 32.
Nxa7 Qh4 33. Rc8 Be4 34. Rc3 Rf8 35. Rg3 Bg6 36. Nb5 Rc8 37. Rh3 Qg4 38. Rc3
Rf8 39. Nd6 Rg8 40. Rc7+ Kh8 41. h7 Bxh7 42. Nf7+ Kg7 43. Nh6+ {Black
resigns} 1-0

[Event "ICC tourney 3117 (40 10)"]
[Site "Internet Chess Club"]
[Date "2023.02.04"]
[Round "5"]
[White "MANE, ARNAV KISHOR:georgianknight"]
[Black "BRUDNO, STEPHEN:StevChess01"]
[Result "1-0"]
[ICCResult "Black resigns"]
[WhiteElo "1550"]
[BlackElo "1543"]
[Opening "Sicilian: O'Kelly variation"]
[ECO "B28"]
[NIC "SI.43"]
[Time "20:00:45"]
[PlyCount "145"]
[TimeControl "2400+10"]

1. e4 c5 2. Nf3 a6 3. c3 d5 4. exd5 Qxd5 5. d4 Nf6 6. Be2 e6 7. O-O Nc6 8.
dxc5 Qxd1 9. Rxd1 Bxc5 10. Nbd2 O-O 11. Nb3 Be7 12. Bf4 Nd5 13. Bg3 b6 14.
Nbd4 Nxd4 15. Nxd4 Bb7 16. Bf3 Rad8 17. c4 Nf4 18. Bxb7 Rxd4 19. Bxf4 Rxf4
20. Bxa6 Bc5 21. Rd2 e5 22. a3 Bd4 23. Rb1 g6 24. b4 Ra8 25. g3 Rf6 26. b5
Rf3 27. Bb7 Raxa3 28. Bxf3 Rxf3 29. Rc2 Ra3 30. Kg2 Kg7 31. f4 f6 32. Rd1 h5
33. Kf1 g5 34. fxg5 fxg5 35. Ke2 Kf6 36. Rd3 Ra1 37. Rf3+ Ke6 38. Rf8 Rh1
39. Kd3 Rd1+ 40. Rd2 Rc1 41. Rc8 Rc3+ 42. Ke2 Re3+ 43. Kd1 Bc5 44. Rc6+ Kf5
45. Rf2+ Ke4 46. Rd2 h4 47. gxh4 gxh4 48. Kc2 Bd4 49. Rh6 Rc3+ 50. Kd1 Rxc4
51. Rxh4+ Kd5 52. Rg4 Rc3 53. Rg3 Rc8 54. h4 Rh8 55. Rh3 Kc4 56. h5 Kxb5 57.
h6 Kc4 58. h7 e4 59. Rg2 Ra8 60. Rc2+ Kd5 61. Rh5+ Be5 62. Rd2+ Ke6 63. Rh6+
Kf5 64. Rd5 Ra1+ 65. Kc2 Ra2+ 66. Kb3 Ra8 67. Rh5+ Kg6 68. Rdxe5 Rh8 69.
Reg5+ Kf7 70. Re5 Kg6 71. Reg5+ Kf7 72. Rh1 Kf6 73. Rg8 {Black resigns} 1-0

[Event "ICC tourney 3117 (40 10)"]
[Site "Internet Chess Club"]
[Date "2023.02.04"]
[Round "5"]
[White "JARGALSAIKHAN, OCHIR:O-Chess"]
[Black "LOPEZ, FRANCISCO JAVIER:steinutz"]
[Result "1-0"]
[ICCResult "Black forfeits on time"]
[WhiteElo "1411"]
[BlackElo "1500"]
[Opening "King's Indian: fianchetto, Simagin variation"]
[ECO "E62"]
[NIC "KI.72"]
[Time "20:00:26"]
[PlyCount "103"]
[TimeControl "2400+10"]

1. d4 Nf6 2. c4 d6 3. Nf3 g6 4. g3 Bg7 5. Bg2 O-O 6. Nc3 Nc6 7. O-O Bg4 8.
h3 Bxf3 9. Bxf3 e5 10. d5 Nd4 11. Bg2 Nf5 12. b4 a5 13. Ba3 axb4 14. Bxb4 b6
15. a4 Nd7 16. e3 Qe7 17. Ra2 Ra6 18. Nb5 Nc5 19. Qc2 Rfa8 20. Bxc5 bxc5 21.
Rb1 Bh6 22. Nc3 R6a7 23. Rba1 Qd7 24. a5 Ne7 25. Qa4 Qd8 26. Nb5 Ra6 27. Qd1
f5 28. Ra3 e4 29. g4 Bg7 30. R1a2 Qd7 31. f3 exf3 32. Bxf3 Be5 33. Qd2 Kh8
34. Nc3 Re8 35. Ne2 g5 36. e4 f4 37. Rb3 c6 38. Rb6 Rea8 39. Nc1 Ng6 40.
dxc6 Qe6 41. Rxa6 Rxa6 42. Qd5 Qc8 43. Nd3 Rxc6 44. Nxe5 Nxe5 45. Kg2 Qa6
46. Rb2 Qxc4 47. Rb8+ Kg7 48. Qxc4 Nxc4 49. Rb7+ Kh6 50. e5 Ne3+ 51. Kh1 Ra6
52. Be4 {Black forfeits on time} 1-0